 Dungeon Crawl Stone Soup version 0.26.1-11-gd32895ea62 (webtiles) character file.

Game seed: 3209201868625888855

66 Descartes the Firebug (level 3, 0/20 HPs)
             Began as a Deep Elf Wanderer on May 11, 2021.
             Killed from afar by an orc wizard (5 damage)
             ... with a magic dart
             ... on level 3 of the Dungeon.
             The game lasted 00:03:09 (2407 turns).

Descartes the Firebug (Deep Elf Wanderer)           Turns: 2407, Time: 00:03:10

Health: 0/20       AC:  5    Str: 10    XL:     3   Next: 96%
Magic:  5/5        EV:  9    Int: 13    God:
Gold:   145        SH:  0    Dex: 17    Spells: 1/2 levels left

rFire    . . .     SeeInvis .   a - +2 hand axe
rCold    . . .     Faith    .   (no shield)
rNeg     . . .     Spirit   .   c - +0 ring mail
rPois    .         Reflect  .   q - +0 hat
rElec    .         Harm     .   (no cloak)
rCorr    .         Rampage  .   (no gloves)
Will     .....                  (no boots)
Stlth    +.........             (no amulet)
HPRegen  0.06/turn              (no ring)
MPRegen  0.09/turn              (no ring)

@: no status effects
A: no striking features
a: no special abilities


You were on level 3 of the Dungeon.
You visited 1 branch of the dungeon, and saw 3 of its levels.

You collected 145 gold pieces.

Inventory:

Hand Weapons
 a - a +2 hand axe (weapon)
 g - a +2 dagger of speed
 o - a +0 dagger of protection
Missiles
 b - 7 curare-tipped darts
 h - 88 stones
 n - 22 bolts
 r - 4 poisoned darts
Armour
 c - a +0 ring mail (worn)
 q - a +0 hat (worn)
Scrolls
 i - 2 scrolls of blinking {unknown}
 j - 2 scrolls of remove curse {unknown}
 m - 2 scrolls of immolation {unknown}
Potions
 d - 3 potions of curing {unknown}
 e - a potion of mutation {unknown}
 f - a potion of invisibility {unknown}
 k - a potion of magic {unknown}
 l - a potion of lignification {unknown}
 p - a potion of degeneration {unknown}


   Skills:
 - Level 1.0 Fighting
 - Level 1.5 Axes
 - Level 1.0 Throwing
 - Level 1.5 Armour
 - Level 1.0 Shields
 - Level 3.6 Necromancy
 + Level 4.0 Fire Magic


You had one spell level left.
You knew the following spells:

 Your Spells              Type           Power        Failure   Level
a - Foxfire               Conj/Fire      20%          34%         1

Your spell library contained the following spells:

 Spells                   Type           Power        Failure   Level
 Inner Flame              Hex/Fire       5%           71%         3


Dungeon Overview and Level Annotations

Branches:
Dungeon (3/15)

Altars:
Okawaru
Qazlal
Ru


Message History

The orc shouts!
You hit the orc.
The orc is heavily wounded.
The orc hits you but does no damage.
You closely miss the orc.
The orc is heavily wounded.
An orc comes into view. It is wielding a +0 dagger.
The orc hits you with a +0 hand axe.
* * * LOW HITPOINT WARNING * * *
The orc shouts!
You hit the orc.
The orc is almost dead.
You hear a shout!
The orc hits you but does no damage.
The orc wizard shouts!
You slash the orc!
You kill the orc!
The orc wizard casts a spell at you. The magic dart hits you.
You die...

#......##.#####.###.###.#.##.
#..(..##... .#.# #.....#.##.
#.)...##.###.#.# #####.#.###
##...........#.# #.#.###
#...###..##.#.##### #†#...#
#...# #....##.....# #.#.#.#
#...# #..#.######.# #...#.#
#.#$# #.##.# #.# ###.#.#
..#.. #.##@### #.####..#.#
.#.... #...)..####..........
#. #o #..#...†....####.##.#
#....#.####........†#
#....#.# #..###.#### #...o..#
#......# ....#.### ##.###.#
..#o.... .. ... .......#
.##.#.


You could see an orc wizard and an orc.

Vanquished Creatures
  2 adders
  2 oozes (D:2)
  2 leopard geckos
  An orc (D:3)
  3 giant cockroaches
  5 goblins
  5 hobgoblins
  A ball python (D:2)
  4 bats
  2 frilled lizards
  7 kobolds
  5 rats
39 creatures vanquished.

Notes
Turn   | Place    | Note
-------+----------+-------------------------------------------
     0 | D:1      | Descartes the Deep Elf Wanderer began the quest for the
                  | Orb.
     0 | D:1      | Descartes set off with the following items: a +2 hand axe,
                  | a +0 ring mail; and the following spell memorised: Foxfire;
                  | and the following spells available to memorise: Inner Flame
     0 | D:1      | Reached XP level 1. HP: 12/12 MP: 3/3
   203 | D:1      | Reached skill level 1 in Fire Magic
   310 | D:1      | Reached XP level 2. HP: 16/16 MP: 4/4
   320 | D:1      | Reached skill level 2 in Fire Magic
  1100 | D:2      | Reached skill level 3 in Fire Magic
  1100 | D:2      | Reached XP level 3. HP: 18/20 MP: 5/5
  1396 | D:2      | Found an iron altar of Okawaru.
  1592 | D:2      | Found a stormy altar of Qazlal.
  2256 | D:3      | Found a sacrificial altar of Ru.
  2323 | D:3      | Reached skill level 4 in Fire Magic
  2407 | D:3      | Killed from afar by an orc wizard

Illustrated notes

Levels and vault maps discovered:
D:1:      eino_arrival_water_cross, layout_basic
D:2:      layout_loops_ring, okawaru_trees_2, minivault_19,
          minmay_misc_feat_diagonals, corexii_hall_statues_i,
          nicolae_qazlal_general_emergency
D:3:      layout_basic, nicolae_ru_sacrificial_ziggurat

Skill      XL: |  1  2  3 |
---------------+----------+-----
Fire Magic     | 1 3 4 |  4.0
Fighting       | |  1.0
Axes           | |  1.5
Throwing       | |  1.0
Armour         | |  1.5
Shields        | |  1.0
Necromancy     | |  3.6

Action                   || total
-------------------------++-------
Melee: Hand axe          ||   101
Armor: Ring mail         ||    45
Dodge: Dodged            ||    44
